 Dungeon Crawl Stone Soup version 0.21-a0-331-gfb491b4 (webtiles) character file.

46 qqqbard the Cudgeler (level 3, 0/36 HPs)
             Began as a Gargoyle Berserker on Oct 2, 2017.
             Was a Believer of Trog.
             Slain by a goblin
             ... wielding a +0 dagger
             ... led by Robin
              (4 damage)
             ... on level 2 of the Dungeon.
             The game lasted 00:02:22 (1305 turns).

qqqbard the Cudgeler (Gargoyle Berserker)           Turns: 1305, Time: 00:02:23

Health: 0/36       AC:  5    Str: 25    XL:     3   Next: 68%
Magic:  3/3        EV: 12    Int: 12    God:    Trog [**....]
Gold:   65         SH:  0    Dex: 10    Spells: 2/2 levels left

rFire    . . .     SeeInvis .   a - +0 mace
rCold    . . .     Gourm    .   (no shield)
rNeg     + . .     Faith    .   b - +0 animal skin
rPois    ∞         Spirit   .   (no helmet)
rElec    +         Reflect  .   (no cloak)
rCorr    .         Harm     .   (no gloves)
MR       .....                  (no boots)
Stlth    ..........             (no amulet)
HPRegen  0.12/turn              (no ring)
MPRegen  0.08/turn              (no ring)

@: brilliant, berserking, very quick
A: negative energy resistance 1, electricity resistance, unbreathing,
petrification resistance, rot immunity, AC +3
a: Berserk, Trog's Hand, Burn Spellbooks, Renounce Religion


You were on level 2 of the Dungeon.
You worshipped Trog.
Trog was pleased with you.
You were near starving.

You visited 1 branch of the dungeon, and saw 2 of its levels.

You collected 65 gold pieces.

Inventory:

Hand Weapons
 a - a +0 mace (weapon)
Missiles
 h - 20 stones (quivered)
 k - 36 sling bullets
Armour
 b - a +0 animal skin (worn)
Scrolls
 g - 3 scrolls of fear {unknown}
 j - a scroll of remove curse {unknown}
 l - 3 scrolls of random uselessness {unknown}
Potions
 d - a potion of brilliance
 e - a potion of agility {unknown}
 f - a potion of haste {unknown}
 n - a potion of might {unknown}
Comestibles
 c - a bread ration
 i - 2 meat rations
 m - a royal jelly
 o - 2 chunks of flesh


   Skills:
 + Level 3.6 Fighting
 * Level 3.7 Maces & Flails
 + Level 2.6 Armour
 + Level 2.0 Dodging


You had 2 spell levels left.
You didn't know any spells.

Dungeon Overview and Level Annotations

Branches:
Dungeon (2/15)

Altars:

Annotations:
D:2 Robin


Innate Abilities, Weirdness & Mutations

You are resistant to torment.
Your stone body is resilient. (AC +3)
You are immune to poison.
You resist negative energy. (rN+)
You are resistant to electric shocks. (rElec)
You can survive without breathing.
You are immune to petrification.
You are immune to rotting.


Message History

Unknown command.
It was a potion of brilliance.
You feel clever all of a sudden. The goblin hits you but does no damage.
The goblin hits you with a dagger.
* * * LOW HITPOINT WARNING * * *
You fail to use your ability.
The goblin closely misses you. The goblin barely misses you.
A red film seems to cover your vision as you go berserk!
You feel yourself moving faster!
You feel mighty!
You are near starving!
The goblin barely misses you. The goblin hits you but does no damage.
You closely miss the goblin. The goblin barely misses you.
You miss the goblin. The goblin barely misses you. The goblin misses you.
You hit the goblin.
The goblin is heavily wounded.
The goblin misses you. x2
You barely miss the goblin.
The goblin is heavily wounded.
The goblin hits you with a dagger.
You die...

..#.g.#g# ..###
.......g# #.<.#
.......†# #.#.## ##
......gg######....## #..
!.....†ggg...gg....# ...
....%[†g######g##..###.#
..#...### #.gl#.#.>.# #
###. ###g#...## ##
#@g....#### ###........
#####<........
#........#####
...###...## . #.#.# ..
.# #.# .# #. ..


You could see 3 hobgoblins, 3 goblins and a frilled lizard.

Vanquished Creatures
  A worm (D:2)
  3 dart slugs
  A leopard gecko (D:2)
  7 goblins
  7 hobgoblins
  2 quokkas (D:2)
  2 bats
  4 frilled lizards
  5 kobolds
  5 rats
37 creatures vanquished.

Notes
Turn   | Place    | Note
-------+----------+-------------------------------------------
     0 | D:1      | qqqbard the Gargoyle Berserker began the quest for the Orb.
     0 | D:1      | Reached XP level 1. HP: 14/14 MP: 1/1
    43 | D:1      | Reached XP level 2. HP: 3/19 MP: 2/2
   744 | D:1      | Reached XP level 3. HP: 14/23 MP: 3/3
  1255 | D:2      | Reached ** piety under Trog
  1273 | D:2      | Noticed Robin
  1305 | D:2      | Slain by a goblin

Vault maps used:
D:1:      kennysheep_arrival_forest, kennysheep_boxes
D:2:      lemuel_crystal_altar, uniq_natasha, uniq_jessica, uniq_robin

Skill      XL: |  1  2  3 |
---------------+----------+-----
Dodging        | 2 |  2.0
Fighting       | |  3.6
Maces & Flails | |  3.7
Armour         | |  2.6

Action                   || total
-------------------------++-------
Melee: Mace              ||   131
Invok: Berserk           ||     1
       Trog's Hand       ||     1
  Use: Potion            ||     1
  Eat: Chunk             ||     1
Armor: Animal skin       ||    50
Dodge: Dodged            ||    76

Table legend:
 A = Spawn XP
 B = Non-spawn XP
 C = Spawn XP percentage of total XP
 D = Spawn monster count
 E = Non-spawn monster count
 F = Spawn count percentage of total count
 G = Total turns spent on level
                    A         B        C        D         E        F      G
               +---------+---------+-------+---------+---------+-------+---------
         Total |       0 |      67 |   0.0 |       0 |      37 |   0.0 |  1305
               +---------+---------+-------+---------+---------+-------+---------
           D:1 |       0 |      37 |   0.0 |       0 |      22 |   0.0 |  1211
           D:2 |       0 |      30 |   0.0 |       0 |      15 |   0.0 |    94
               +---------+---------+-------+---------+---------+-------+---------
